cohdb
Replays
Latest Replays
All Replays
Popular Replays
Top Player Replays
Match Explorer
How It Works
Community
CoH3 Stats
Reddit
Sign in to upload your games and track your stats! →
Sign in with Steam
Match 33573963
Unlisted
Match 33573963
Overview
Messages
Build Orders
End
Construct Infanterie Kompanie
Selects Breakthrough Battlegroup
Kettenkrad Recon Vehicle
Grenadier Squad
MG 42 Machine Gun Team
Grenadier Squad
Medical Station
Selects Assault Grenadiers
GrW 34 Mortar Team
Construct Luftwaffe Kompanie
Selects Breakthrough
Support Elements
MG 42 Machine Gun Team
Infanterie Officer Quarters
Selects Mechanized Assault Group
Mechanized Assault Group
Wirbelwind Flakpanzer
Selects Rapid Production
MG 42 Machine Gun Team
Construct Panzer Kompanie
Selects Blitzkrieg
Construct Panzergrenadier Kompanie
Nebelwerfer 42 Rocket Launcher Team
MG 42 Bunker
Sturmpanzer IV Brummbär
Blitzkrieg
Sturmpanzer IV Brummbär
Selects Tiger Heavy Tank
MG 42 Bunker
Tiger Heavy Tank
Breakthrough
MG 42 Bunker
Blitzkrieg
Pioneer Squad
Pak 40 Anti-tank Gun Team
Panzer IV Medium Tank
Blitzkrieg
Microsoft Office PowerPoint
Microsoft Outlook
Microsoft Office Excel
Microsoft Office Word
Krzemas
Clipper__________
Samaniego
pechoporro
0
0
Comments
sign in to comment!
No comments posted yet!